Map: Ulrena

Players

Frozzen

  • Race: Zerg Zerg
  • League: Diamond

Zalot - Winner!

  • Race: Protoss Protoss
  • League: Gold

VOD

Have the link to the VOD?

Description

Time

  • Played on: Nov. 20, 2015, 11:53 a.m.
  • Length: 5:37
Show
View Real Time Build Order
Export as new Build Order

Frozzen Zerg 

Build Orders: Pool First 

Get SALT Encoding   

  12  0:01  Drone  
  13  0:08  Drone  
  14  0:17  Drone, Extractor  
  14  0:32  Spawning Pool  
  13  0:36  Drone  
  14  0:44  Drone, Extractor  
  15  0:53  Overlord  
  15  1:19  Metabolic Boost  
  15  1:20  Zergling x6  
  18  1:28  Queen  
  20  1:33  Zergling x2  
  21  1:42  Zergling x2  
  21  3:40  Zergling x2  
  22  3:42  Overlord  
  22  3:43  Overlord  
  22  3:48  Baneling Nest  
  21  4:02  Hatchery  
  20  4:07  Zergling x4  
  22  4:19  Zergling x8  
  26  4:34  Overlord  
  26  4:48  Zergling x2  
  26  4:49  Zergling x6  
  30  5:01  Baneling  
  30  5:02  Baneling x4  
  30  5:03  Baneling x2  
  30  5:04  Baneling  
  30  5:06  Zergling x4  
Show
View Real Time Build Order
Export as new Build Order

Zalot Protoss - Winner!

Build Orders:  

Get SALT Encoding   

  12  0:01  Probe (Chrono Boost)  
  13  0:11  Probe (Chrono Boost)  
  14  0:20  Pylon  
  14  0:28  Pylon  
  14  0:32  Probe (Chrono Boost)  
  15  0:46  Gateway  
  15  0:52  Probe (Chrono Boost)  
  16  0:58  Assimilator  
  16  1:02  Probe (Chrono Boost), Assimilator  
  17  1:19  Pylon  
  17  1:24  Forge  
  17  1:28  Probe (Chrono Boost)  
  18  1:38  Probe (Chrono Boost)  
  19  1:49  Cybernetics Core, Probe (Chrono Boost)  
  19  1:53  Zealot (Chrono Boost)  
Tags
 
Matchup
PvZ
Opening
Pool First
Replay Pack
21-11-15
Add a new tag
Caveats
  • Supply blocks, unpowered buildings, or Contaminate may cause inaccurate times.
  • Supply counts are checked every 10 seconds.